Selects Airborne Battlegroup
Selects Heavy Machine Gun Paradrop
Heavy Machine Gun Paradrop
Selects Paratrooper Squad Paradrop
Paratrooper Squad Paradrop
Construct Medical Station
Selects Anti-tank Gun Team Paradrop
Anti-tank Gun Team Paradrop
Heavy Machine Gun Paradrop
Anti-tank Gun Team Paradrop
Paratrooper Squad Paradrop
Heavy Machine Gun Paradrop
M18 Hellcat Tank Destroyer
Selects Carpet Bombing Run
Anti-tank Gun Team Paradrop
Paratrooper Squad Paradrop
M18 Hellcat Tank Destroyer
M18 Hellcat Tank Destroyer
Paratrooper Squad Paradrop
M4(105) Sherman Bulldozer
M18 Hellcat Tank Destroyer